Map: 莱瑞拉克之冠

Players

WarMan

  • Race: Terran Terran
  • League: Bronze

shengy - Winner!

  • Race: Zerg Zerg
  • League: Platinum

VOD

Have the link to the VOD?

Description

Time

  • Played on: Dec. 23, 2015, 4:39 p.m.
  • Length: 13:23
Show
View Real Time Build Order
Export as new Build Order

WarMan Terran 

Build Orders: Command Center First (CC) 

Get SALT Encoding   

  12  0:02  SCV  
  13  0:14  SCV  
  13  0:19  Supply Depot  
  14  0:27  SCV  
  15  0:41  SCV  
  16  0:53  SCV  
  17  1:03  Command Center  
  17  1:05  SCV  
  18  1:16  Barracks  
  18  1:18  SCV  
  19  1:31  Barracks  
  19  1:32  SCV  
  20  1:46  SCV  
  21  1:48  Barracks  
  21  1:58  SCV  
  22  2:07  Barracks  
  22  2:12  Orbital Command  
  22  2:18  Orbital Command  
  22  2:24  Refinery  
  22  2:33  Refinery  
  22  2:39  Supply Depot  
  22  2:42  SCV  
  23  2:50  Barracks  
  23  2:53  SCV  
  23  2:58  SCV  
  25  3:07  Barracks  
  25  3:11  Barracks  
  25  3:13  SCV  
  25  3:15  SCV  
  25  3:18  Barracks Tech Lab  
  27  3:20  Barracks Tech Lab  
  27  3:24  Barracks Reactor  
  27  3:28  SCV, Barracks Tech Lab  
  27  3:29  SCV  
  29  3:40  Supply Depot  
  29  3:41  SCV  
  30  3:42  Marauder  
  30  3:45  Marauder  
  34  3:49  SCV  
  34  3:53  SCV  
  34  3:55  Marauder  
  36  4:00  Supply Depot  
  36  4:01  Marine  
  36  4:02  Marine  
  38  4:05  Barracks Tech Lab  
  38  4:06  Barracks Tech Lab  
  38  4:07  Barracks Reactor  
  38  4:11  Orbital Command  
  38  4:19  Marauder  
  38  4:20  Marauder  
  38  4:21  SCV  
  43  4:33  Bunker, SCV  
  43  4:37  SCV  
  45  4:45  SCV, Marine x2  
  49  4:46  Marauder  
  49  4:50  SCV  
  49  4:51  Combat Shields  
  49  4:52  Concussive Shells  
  51  4:57  SCV  
  40  5:18  SCV x2, Marine  
  40  5:19  Marine x3  
  40  5:20  Marauder  
  46  5:25  Marine  
  46  5:26  Marine x2  
  49  5:30  SCV x2  
  49  5:32  Bunker  
  51  5:36  Marine x2  
  51  5:37  Marine  
  51  5:42  Refinery, SCV x2  
  56  5:44  Refinery  
  56  5:47  Factory  
  56  5:54  SCV x2  
  56  5:56  Marauder x2  
  62  6:15  Supply Depot  
  62  6:17  Supply Depot  
  62  6:21  Supply Depot  
  62  6:31  Factory Reactor  
  62  6:33  Starport  
  62  6:37  Marauder x2, SCV, Marine x3  
  62  6:39  Marauder x2, SCV  
  75  6:40  Supply Depot  
  75  6:42  Supply Depot  
  75  6:49  SCV  
  75  6:50  Supply Depot  
  75  6:53  SCV  
  77  7:00  Marine x2  
  77  7:01  Marauder x3, Marine  
  86  7:02  Marauder  
  86  7:05  Supply Depot  
  86  7:07  Supply Depot  
  88  7:11  Supply Depot  
  88  7:18  SCV x2  
  88  7:21  Medivac  
  88  7:22  Medivac  
  94  7:24  Factory Reactor  
  94  7:40  Marine x4  
  94  7:41  Marine x2  
  100  7:50  Engineering Bay  
  100  7:51  Medivac  
  100  7:52  Medivac  
  104  8:02  Barracks Reactor  
  104  8:05  Barracks Reactor  
  104  8:06  SCV  
  104  8:07  SCV  
  104  8:10  Widow Mine  
  104  8:11  Widow Mine  
  110  8:20  Command Center  
  110  8:21  Medivac  
  110  8:22  Medivac  
  110  8:25  Missile Turret  
  110  8:26  Missile Turret  
  114  8:27  Missile Turret  
  114  8:29  Missile Turret  
  114  8:33  Missile Turret  
  113  8:38  Missile Turret  
  113  8:39  Missile Turret, Widow Mine x2, SCV  
  113  8:40  Missile Turret  
  118  8:57  Barracks Reactor  
  118  9:07  Widow Mine  
  118  9:08  Widow Mine  
  122  9:12  Missile Turret  
  122  9:14  Missile Turret  
  122  9:16  Missile Turret  
  122  9:20  Stimpack, SCV x2  
  124  9:27  Missile Turret  
  124  9:32  Missile Turret, SCV  
  125  9:52  Missile Turret  
  125  9:55  Missile Turret  
  125  9:57  Missile Turret  
  125  10:03  SCV x2  
  127  10:14  Planetary Fortress  
  127  10:15  SCV, Missile Turret  
  127  10:16  SCV  
  127  10:18  Missile Turret  
  129  10:24  Bunker  
  129  10:27  Engineering Bay, SCV  
  130  10:31  Widow Mine x2, Terran Infantry Weapons Level 1  
  134  10:40  Armory  
  134  10:49  Refinery, SCV  
  135  10:50  Refinery  
  135  10:58  Terran Infantry Armor Level 1  
  135  11:00  Command Center  
  135  11:02  Missile Turret, Barracks  
  133  11:04  Missile Turret  
  133  11:07  Missile Turret  
  131  11:14  Marine  
  131  11:15  Marauder, Missile Turret, Marine  
  131  11:16  Missile Turret  
  135  11:27  SCV x3  
  138  11:33  Barracks  
  138  11:35  Barracks  
  138  11:38  Barracks x2  
  138  11:39  SCV x2  
  140  11:43  Bunker  
  140  11:45  Marine  
  141  11:51  Barracks Tech Lab  
  141  11:55  Marine x3  
  141  11:57  Marauder  
  141  11:58  Marine  
  141  12:02  Marauder, Medivac x2, Marine  
  83  12:22  SCV x2  
  85  12:26  Orbital Command  
  85  12:32  Medivac x2  
  85  12:34  SCV  
Show
View Real Time Build Order
Export as new Build Order

shengy Zerg - Winner!

Build Orders: Hatch First, Lurkers, Muta Ling Bane 

Get SALT Encoding   

  12  0:01  Drone  
  13  0:09  Drone  
  14  0:16  Overlord  
  14  0:35  Drone x3  
  17  0:46  Drone  
  18  0:59  Hatchery  
  17  1:04  Drone  
  18  1:16  Spawning Pool  
  17  1:18  Drone  
  17  1:22  Drone  
  19  1:31  Drone  
  20  1:39  Overlord  
  20  1:50  Drone  
  21  2:04  Queen  
  23  2:09  Drone  
  23  2:12  Drone  
  25  2:17  Zergling x2  
  26  2:23  Queen  
  26  2:25  Hatchery, Drone  
  27  2:30  Drone  
  28  2:37  Drone, Extractor  
  28  2:38  Extractor  
  28  2:42  Drone  
  28  2:43  Drone x2  
  30  2:55  Drone x2  
  32  3:07  Drone  
  32  3:08  Drone  
  32  3:09  Queen  
  32  3:12  Overlord  
  36  3:13  Overlord  
  36  3:30  Metabolic Boost  
  36  3:34  Drone x5  
  41  3:51  Zergling x12  
  41  3:52  Zergling x6  
  49  4:04  Drone  
  49  4:05  Roach Warren  
  49  4:06  Drone  
  49  4:07  Baneling Nest  
  49  4:08  Drone  
  49  4:09  Drone  
  51  4:14  Drone  
  51  4:16  Extractor  
  51  4:17  Extractor  
  51  4:20  Drone x2  
  52  4:30  Drone  
  52  4:31  Drone, Lair  
  54  4:32  Drone  
  54  4:33  Drone  
  56  4:41  Overlord x2  
  56  4:42  Drone  
  57  4:58  Drone x3  
  55  5:16  Drone x7  
  60  5:29  Drone x2  
  60  5:30  Drone  
  60  5:31  Drone x6  
  69  5:36  Hatchery  
  69  5:37  Spire, Centrifical Hooks  
  69  5:41  Glial Reconstitution  
  67  5:44  Overlord x2  
  67  5:49  Extractor  
  66  5:52  Overseer  
  66  5:54  Drone  
  66  5:55  Drone x3  
  70  6:13  Overlord  
  70  6:16  Roach x5  
  70  6:17  Roach x3  
  70  6:18  Overlord  
  86  6:23  Evolution Chamber x2  
  84  6:28  Drone x3, Extractor  
  86  6:39  Roach x5  
  96  6:43  Hatchery  
  95  6:54  Mutalisk x7  
  95  6:55  Mutalisk  
  95  6:59  Baneling x4  
  111  7:04  Overlord  
  111  7:05  Overlord x2  
  111  7:11  Zerg Melee Weapons Level 1  
  111  7:13  Zerg Ground Armor Level 1  
  111  7:22  Overlord x2  
  111  7:34  Spore Crawler  
  108  7:37  Spine Crawler  
  108  7:40  Zergling x8, Roach x2  
  108  7:41  Zergling x16  
  123  7:50  Overlord  
  123  7:51  Zergling x10  
  128  8:05  Drone x6  
  134  8:06  Queen  
  136  8:17  Zerg Flyer Armor Level 1  
  136  8:18  Infestation Pit  
  135  8:32  Zergling x26  
  135  8:33  Zergling x10  
  153  8:37  Ravager x3  
  153  8:38  Ravager x3  
  159  8:43  Hydralisk Den  
  159  8:46  Extractor  
  157  8:48  Extractor  
  156  8:55  Overlord  
  156  8:57  Overlord  
  156  9:06  Baneling  
  156  9:07  Baneling x8  
  156  9:08  Baneling x8  
  156  9:09  Baneling x4  
  156  9:13  Hydralisk x6  
  156  9:14  Hydralisk x2  
  156  9:15  Hydralisk  
  174  9:18  Lurker Den  
  174  9:24  Drone x3  
  177  9:57  Baneling x5  
  163  10:15  Mutalisk x3  
  163  10:16  Mutalisk x3  
  175  10:22  Overlord  
  175  10:32  Overlord x2  
  175  10:34  Hive  
  175  10:35  Zerg Ground Armor Level 2, Zerg Melee Weapons Level 2  
  175  10:42  Overseer  
  175  11:06  Zergling x2  
  175  11:11  Lurker x5  
  179  11:12  Lurker x4  
  185  11:19  Drone  
  185  11:20  Drone x4  
  190  11:27  Baneling x3  
  190  11:28  Baneling x2  
  164  12:22  Overlord x3  
  164  12:25  Overseer x4  
  164  12:36  Drone x4  
  168  12:37  Overlord x2  
  168  12:38  Ultralisk Cavern  
  168  12:40  Zergling x32  
  168  12:41  Zergling x32  
Tags
 
Add a new tag
Caveats
  • Supply blocks, unpowered buildings, or Contaminate may cause inaccurate times.
  • Supply counts are checked every 10 seconds.